 Dungeon Sprint DCSS version 0.26-a0-663-g36e8fdb655 (webtiles) character file.

Game seed: 10215756837467077191

69872 mhtbhm the Archmage (level 14, -2/74 HPs)
             Began as a Deep Elf Earth Elementalist on Oct 10, 2020.
             Was the Champion of Vehumet.
             Splashed by an acid blob's acid (8 damage)
             ... in the Dungeon (Sprint III: "The Ten Rune Challenge").
             The game lasted 00:29:41 (7223 turns).

mhtbhm the Archmage (Deep Elf Earth Elementalist)   Turns: 7223, Time: 00:29:42

Health: -2/74      AC:  3    Str:  7    XL:     14   Next: 43%
Magic:  25/56      EV: 21    Int: 26    God:    Vehumet [******]
Gold:   2162       SH:  5    Dex: 15    Spells: 12/67 levels left

rFire    + . .     SeeInvis .   Q - staff of earth
rCold    . . .     Faith    .   (no shield)
rNeg     + . .     Spirit   .   c - +2 robe {MR+}
rPois    .         Reflect  +   K - +2 hat
rElec    .         Harm     .   o - +0 cloak
rCorr    .         Rampage  .   x - +0 pair of gloves {archery}
MR       ++...     NoTele   +   w - +2 pair of boots
Stlth    +++++.....             y - amulet of reflection
HPRegen  0.22/turn              e - ring of magical power
MPRegen  0.35/turn              N - ring "Xanejy" {rF+ rN+}

@: corroded
A: robust 1, strong 1
}: 1/10 runes: serpentine
a: Renounce Religion


You were in the Dungeon.
You worshipped Vehumet.
Vehumet was exalted by your worship.
You visited 1 branch You collected 5162 gold pieces.
You spent 3000 gold pieces at shops.

Inventory:

Hand Weapons
 n - a +2 quarterstaff of chaos
Missiles
 b - 5 stones (quivered)
 u - 10 atropa-tipped darts
 B - 35 arrows
 J - 7 curare-tipped darts
Armour
 c - a +2 robe of magic resistance (worn)
 o - a +0 cloak (worn)
 w - a +2 pair of boots (worn)
 x - a +0 pair of gloves of archery (worn)
 K - a +2 hat (worn)
Magical Staves
 F - an uncursed staff of poison
 H - an uncursed staff of death
 Q - an uncursed staff of earth (weapon)
 R - an uncursed staff of conjuration
Jewellery
 e - a ring of magical power (left hand)
 t - an uncursed ring of flight
 v - a +6 ring of intelligence
 y - an amulet of reflection (around neck)
 z - the ring "Trusted Companion" {rPois MR+ Stlth-}
   (You bought it in a shop in the Dungeon)

   [ring of attention]

   It protects you from poison.
   It affects your resistance to hostile enchantments.
   It makes you less stealthy.
 M - an uncursed ring of protection from fire {unknown}
 N - the ring "Xanejy" (right hand) {rF+ rN+}
   (You found it in the Dungeon)

   [ring of positive energy]

   It protects you from fire.
   It protects you from negative energy.
Wands
 p - a wand of iceblast (6)
 s - a wand of polymorph (7)
 A - a wand of paralysis (6)
 O - a wand of digging (5)
Scrolls
 a - a scroll of torment
 j - 12 scrolls of identify
 k - 5 scrolls of remove curse
 C - a scroll of fear {unknown}
 D - a scroll of immolation {unknown}
 E - 3 scrolls of amnesia {unknown}
 P - 3 scrolls of silence {unknown}
Potions
 d - 4 potions of curing
 f - a potion of haste
 g - 2 potions of magic
 h - 2 potions of berserk rage
 l - 4 potions of flight
 m - 6 potions of mutation
 q - 2 potions of might
 r - a potion of resistance {unknown}
 G - a potion of ambrosia {unknown}
 L - a potion of stabbing {unknown}


   Skills:
 - Level 0.3 Fighting
 * Level 12.9 Dodging
 - Level 13.0 Stealth
 O Level 27 Spellcasting
 + Level 5.0 Conjurations
 - Level 4.3 Transmutations
 * Level 10.8 Fire Magic
 - Level 0.7 Air Magic
 O Level 27 Earth Magic
 - Level 0.9 Poison Magic
 + Level 4.6 Evocations


You had 12 spell levels left.
You knew the following spells:

 Your Spells              Type           Power        Failure   Level
a - Sandblast             Erth           ######       0%          1
b - Passwall              Tmut/Erth      ########     0%          2
c - Stone Arrow           Conj/Erth      ######       0%          3
d - Lee's Rapid Deconstr  Erth           ########..   0%          5
e - Petrify               Tmut/Erth      ########     0%          4
f - Iron Shot             Conj/Erth      ########..   1%          6
g - Bolt of Magma         Conj/Fire/Erth ########..   1%          5
h - Lehudib's Crystal Sp  Conj/Erth      ########..   2%          8
i - Shatter               Erth           ########..   1%          9
j - Fire Storm            Conj/Fire      ######....   99%         9
k - Mephitic Cloud        Conj/Pois/Air  #####...     1%          3

Your spell library contained the following spells:

 Spells                   Type           Power        Failure   Level
 Absolute Zero            Ice            #####.....   100%        9
 Apportation              Tloc           #####.       1%          1
 Corona                   Hex            #####..      1%          1
 Magic Dart               Conj           ####         1%          1
 Blink                    Tloc           N/A          1%          2
 Call Imp                 Summ           #####...     1%          2
 Ensorcelled Hibernation  Hex/Ice        #####.       1%          2
 Slow                     Hex            #####...     1%          2
 Conjure Flame            Conj/Fire      ######..     1%          3
 Inner Flame              Hex/Fire       ######..     1%          3
 Hailstorm                Conj/Ice       #####...     1%          4
 Leda's Liquefaction      Hex/Erth       ########..   1%          4
 Borgnjor's Vile Clutch   Necr/Erth      ########..   1%          5
 Confusing Touch          Hex            #####...     2%          3
 Gell's Gravitas          Tloc           #####.....   2%          3
 Lesser Beckoning         Tloc           #####.....   2%          3
 Portal Projectile        Hex/Tloc       #####.       2%          3
 Tukima's Dance           Hex            #####...     2%          3
 Yara's Violent Unravell  Hex/Tmut       #####.....   2%          5
 Summon Lightning Spire   Summ/Air       #####...     7%          4
 Cause Fear               Hex            #####.....   8%          4
 Summon Ice Beast         Ice/Summ       #####...     8%          4
 Alistair's Intoxication  Tmut/Pois      #####....    8%          5
 Silence                  Hex/Air        #####.....   19%         5
 Metabolic Englaciation   Hex/Ice        #####.....   22%         5
 Summon Forest            Summ/Tloc      #####.....   22%         5
 Summon Mana Viper        Hex/Summ       #####...     22%         5
 Invisibility             Hex            #####...     77%         6
 Shadow Creatures         Summ           N/A          77%         6
 Summon Hydra             Summ           #####.....   100%        7
 Dragon's Call            Summ           #####.....   100%        9


Dungeon Overview and Level Annotations

Branches:
Dungeon (1/1)

Altars:
Cheibriados
Dithmenos
Elyvilon
Fedhas
Gozag
Hepliaklqana
Kikubaaqudgha
Makhleb
Nemelex Xobeh
Okawaru
Qazlal
Ru
Sif Muna
Trog
Uskayaw
Vehumet
Wu Jian
Xom
Yredelemnul
Zin
The Shining One
Beogh
Jiyva
Lugonu

Shops:
D =[!=:?[[:=}([}!

Annotations:
D Royal Jelly


Innate Abilities, Weirdness & Mutations

You are robust. (+10% HP)
Your muscles are strong. (Str +2)


Message History

Unknown command.
Casting: Shatter (dangerous; 1% risk of failure)
Confirm with . or Enter, or press ? or * to list all spells.
You don't have enough magic to cast that spell.
Unknown command.
Unknown command.
Magic courses through your body.
Unknown command.
Casting: Shatter (dangerous; 1% risk of failure)
Confirm with . or Enter, or press ? or * to list all spells.
You feel a surge of power!
The dungeon rumbles!
The acid blob is severely wounded.
The acid blob is moderately wounded.
Ka-crash!
The acid blob spits acid at you. The splash of acid hits you.
* * * LOW HITPOINT WARNING * * *
The acid corrodes you!
You are splashed with acid!
You die...

#..###..##.#.....#)).#__
#[.# #..#####....#___#__
▓▓▓▓▓▓▓▓▓▓▓▓▓▓▓▓▓▓▓▓▓▓▓▓
▓....≈≈§≈§§§§≈♣♣.....♣♣♣
▓....≈≈§§§§§.≈.♣.≈≈≈≈'♣♣
▓....≈.§§§§§≈≈≈'.....#.≈
▓....≈≈≈§§§§≈≈.♣♣♣♣♣♣#..
▓....≈≈≈.≈§≈§≈♣ ♣♣ ###
▓##....@.........♣ ♣♣♣♣
▓...[....[.......♣ ♣...
▓..#...........#..♣ ♣♣.#
▓....≈...........♣ ♣..
▓....≈≈....#...###♣♣ ♣♣.
▓....≈≈≈.........PP♣ ♣♣.
▓...J≈≈≈≈.........P♣ ♣..
▓....J....J....#+####
### ▓#..#..##.#....#.♣


You could see 3 acid blobs.

Vanquished Creatures
  Rupert (D)
  A deep elf master archer (D)
  Frances (D)
  Gastronok (D)
  Donald (D)
  4 azure jellies (D)
  A nagaraja (D)
  A deep elf demonologist (D)
  2 dire elephants (D)
  Azrael (D)
  A deep elf annihilator (D)
  A deep elf death mage (D)
  2 yaktaur captains (D)
  A fire dragon (D)
  A deep elf high priest (D)
  A naga warrior (D)
  Erolcha (D)
  2 hydras (D)
  2 anacondas (D)
  2 centaur warriors (D)
  4 death yaks (D)
  2 orc high priests (D)
  Urug (D)
  3 deep elf knights (D)
  A death drake (D)
  A skeletal warrior (D)
  An orange crystal statue (D)
  A spriggan druid (D)
  A lindwurm (D)
  An orc knight (D)
  An orc sorcerer (D)
  5 deep elf magi (D)
  4 crystal guardians (D)
  An ugly thing (D)
  2 elephants (D)
  6 black mambas (D)
  4 statues (D)
  A guardian serpent (D)
  2 cane toads (D)
  A rime drake (D)
  2 yaktaurs (D)
  A komodo dragon (D)
  3 wandering mushrooms (D)
  4 spriggan defenders (D)
  A queen bee (D)
  2 tyrant leeches (D)
  A slime creature (D)
  8 blink frogs (D)
  A shadow (D)
  5 redbacks (D)
  2 spriggans (D)
  2 nagas (D)
  A spatial vortex (D)
  2 hydra simulacra (D)
  2 floating eyes (D)
  4 water moccasins (D)
  4 orc warriors (D)
  A swamp drake (D)
  A necrophage (D)
  A black mamba simulacrum (D)
  5 two-headed ogres (D)
  A water elemental (D)
  32 killer bees (D)
  An electric eel (D)
  5 orc priests (D)
  A jelly (D)
  Crazy Yiuf (D)
  An orc wizard (D)
  A wizard (D)
  A necromancer (D)
  A wolf simulacrum (D)
  A kobold demonologist (D)
  3 humans (D)
  2 adders (D)
  An ooze (D)
  8 orcs (D)
  3 rats (D)
  4 plants (D)
191 creatures vanquished.

Vanquished Creatures (others)
  A ballistomycete spore (D)
  17 plants (D)
18 creatures vanquished.

Grand Total: 209 creatures vanquished

Notes
Turn   | Place    | Note
-------+----------+-------------------------------------------
     0 | D        | mhtbhm the Deep Elf Earth Elementalist began the quest for
                  | the Orb.
     0 | D        | Reached XP level 1. HP: 10/10 MP: 6/6
   112 | D        | Reached skill level 5 in Earth Magic
   112 | D        | Reached XP level 2. HP: 2/15 MP: 1/9
   169 | D        | Learned a level 2 spell: Passwall
   387 | D        | Gained mutation: Your muscles are strong. (Str +2) [potion
                  | of mutation]
   387 | D        | Gained mutation: You are robust. (+10% HP) [potion of
                  | mutation]
   388 | D        | Noticed Crazy Yiuf
   399 | D        | Killed Crazy Yiuf
   399 | D        | Reached skill level 5 in Spellcasting
   399 | D        | Reached XP level 3. HP: 20/20 MP: 6/12
   447 | D        | Noticed a water elemental
   450 | D        | Killed a water elemental
   450 | D        | Reached XP level 4. HP: 26/26 MP: 9/15
   455 | D        | Learned a level 3 spell: Stone Arrow
   504 | D        | Found a radiant altar of Vehumet.
   504 | D        | Found a shimmering blue altar of Sif Muna.
   504 | D        | Found an ancient bone altar of Kikubaaqudgha.
   504 | D        | Noticed a wizard
   505 | D        | Killed a wizard
   505 | D        | Reached XP level 5. HP: 30/30 MP: 14/17
   514 | D        | Became a worshipper of Vehumet
   566 | D        | Learned a level 5 spell: Lee's Rapid Deconstruction
   573 | D        | Learned a level 4 spell: Petrify
   587 | D        | Found a basalt altar of Yredelemnul.
   587 | D        | Found a shadowy altar of Dithmenos.
   587 | D        | Found a sacrificial altar of Ru.
   587 | D        | Noticed a necrophage
   589 | D        | Killed a necrophage
   589 | D        | Reached skill level 10 in Spellcasting
   589 | D        | Reached skill level 10 in Earth Magic
   589 | D        | Reached XP level 6. HP: 35/35 MP: 8/21
   670 | D        | Found a glowing silver altar of Zin.
   670 | D        | Found a glowing golden altar of the Shining One.
   670 | D        | Found a white marble altar of Elyvilon.
   670 | D        | Noticed a deep elf mage
   672 | D        | Killed a deep elf mage
   672 | D        | Reached * piety under Vehumet
   672 | D        | Offered knowledge of Magic Dart by Vehumet.
   672 | D        | Reached skill level 5 in Dodging
   672 | D        | Reached XP level 7. HP: 39/39 MP: 12/25
   741 | D        | Found a hide-covered altar of Uskayaw.
   741 | D        | Found a roughly hewn altar of Beogh.
   741 | D        | Found an iron altar of Okawaru.
   741 | D        | Found a bloodstained altar of Trog.
   741 | D        | Found an ornate altar of the Wu Jian Council.
   741 | D        | Noticed a human
   741 | D        | Noticed a human
   743 | D        | Killed a human
   745 | D        | Killed a human
   904 | D        | Noticed a shadow
   906 | D        | Killed a shadow
   906 | D        | Reached ** piety under Vehumet
   906 | D        | Offered knowledge of Freeze by Vehumet.
   906 | D        | Reached XP level 8. HP: 45/45 MP: 24/28
   945 | D        | Found a blossoming altar of Fedhas.
   945 | D        | Found a stormy altar of Qazlal.
   945 | D        | Found a snail-covered altar of Cheibriados.
   945 | D        | Found a burning altar of Makhleb.
   945 | D        | Found a shimmering altar of Xom.
   948 | D        | Reached skill level 15 in Spellcasting
   950 | D        | Found a hazy altar of Hepliaklqana.
   950 | D        | Found an opulent altar of Gozag.
   950 | D        | Found a sparkling altar of Nemelex Xobeh.
   950 | D        | Found a corrupted altar of Lugonu.
   950 | D        | Found a viscous altar of Jiyva.
  1007 | D        | Reached *** piety under Vehumet
  1010 | D        | Reached skill level 5 in Stealth
  1051 | D        | Noticed a two-headed ogre
  1055 | D        | Killed a two-headed ogre
  1197 | D        | Noticed Erolcha
  1197 | D        | Noticed a two-headed ogre
  1200 | D        | Killed a two-headed ogre
  1200 | D        | Offered knowledge of Ignite Poison by Vehumet.
  1200 | D        | Reached XP level 9. HP: 49/49 MP: 15/31
  1200 | D        | Killed Erolcha
  1200 | D        | Reached **** piety under Vehumet
  1200 | D        | Reached skill level 15 in Earth Magic
  1348 | D        | Noticed a wandering mushroom
  1423 | D        | Killed a wandering mushroom
  1423 | D        | Offered knowledge of Frozen Ramparts by Vehumet.
  1424 | D        | Noticed a wandering mushroom
  1426 | D        | Noticed a wandering mushroom
  1431 | D        | Killed a wandering mushroom
  1438 | D        | Killed a wandering mushroom
  1438 | D        | Reached ***** piety under Vehumet
  1570 | D        | Found Syhophil's Jewellery Emporium.
  1572 | D        | Noticed an orc sorcerer
  1573 | D        | Noticed an orc high priest
  1574 | D        | Offered knowledge of Fireball by Vehumet.
  1580 | D        | Reached skill level 1 in Conjurations
  1580 | D        | Reached XP level 10. HP: 18/55 MP: 23/35
  1582 | D        | Killed an orc sorcerer
  1582 | D        | Reached skill level 1 in Evocations
  1582 | D        | Killed an orc high priest
  1582 | D        | Reached ****** piety under Vehumet
  1587 | D        | Noticed an orc knight
  1819 | D        | Killed an orc knight
  1819 | D        | Offered knowledge of Spellforged Servitor by Vehumet.
  1902 | D        | Bought an uncursed ring of magical power for 260 gold
                  | pieces
  1902 | D        | Bought an uncursed ring of flight for 227 gold pieces
  1941 | D        | Noticed a deep elf knight
  1941 | D        | Noticed a deep elf knight
  1941 | D        | Noticed a deep elf mage
  1941 | D        | Noticed a deep elf mage
  1941 | D        | Noticed a deep elf knight
  1947 | D        | Killed a deep elf mage
  1948 | D        | Killed a deep elf knight
  1951 | D        | Killed a deep elf mage
  1955 | D        | Killed a deep elf knight
  1959 | D        | Killed a deep elf knight
  1959 | D        | Reached XP level 11. HP: 59/59 MP: 28/38
  2023 | D        | Noticed a deep elf demonologist
  2026 | D        | Killed a deep elf mage
  2026 | D        | Offered knowledge of Conjure Ball Lightning by Vehumet.
  2028 | D        | Killed a deep elf demonologist
  2032 | D        | Noticed a deep elf master archer
  2088 | D        | Noticed a deep elf death mage
  2267 | D        | Offered knowledge of Iron Shot by Vehumet.
  2398 | D        | Learned a level 6 spell: Iron Shot
  2605 | D        | Noticed a deep elf mage
  2609 | D        | HP: 3/60 [deep elf master archer/arrow (24)]
  2611 | D        | Noticed a deep elf high priest
  2897 | D        | Noticed a deep elf annihilator
  2899 | D        | Killed a deep elf annihilator
  2899 | D        | Killed a deep elf mage
  2903 | D        | Killed a deep elf death mage
  2910 | D        | Killed a deep elf high priest
  2910 | D        | Offered knowledge of Starburst by Vehumet.
  3070 | D        | Noticed Donald
  3070 | D        | Noticed Frances
  3102 | D        | Reached XP level 12. HP: 66/66 MP: 32/42
  3208 | D        | Noticed Urug
  3212 | D        | HP: 2/66 [Urug/javelin (18)]
  3213 | D        | Killed Urug
  3213 | D        | Offered knowledge of Bolt of Magma by Vehumet.
  3455 | D        | Learned a level 5 spell: Bolt of Magma
  3684 | D        | Noticed Rupert
  3690 | D        | Killed Rupert
  3781 | D        | Noticed a death yak
  3782 | D        | Noticed a death yak
  3784 | D        | Killed a death yak
  3785 | D        | Noticed a death yak
  3786 | D        | Offered knowledge of Iskenderun's Battlesphere by Vehumet.
  3786 | D        | Killed a death yak
  3787 | D        | Killed a death yak
  3790 | D        | Noticed a death yak
  3791 | D        | Killed a death yak
  3831 | D        | Noticed an azure jelly
  3831 | D        | Noticed an azure jelly
  3916 | D        | Noticed a six-headed hydra
  3916 | D        | Noticed a seven-headed hydra
  3922 | D        | Killed a seven-headed hydra
  3923 | D        | Killed a six-headed hydra
  3928 | D        | Offered knowledge of Lehudib's Crystal Spear by Vehumet.
  3928 | D        | Reached skill level 10 in Stealth
  4128 | D        | Learned a level 8 spell: Lehudib's Crystal Spear
  4135 | D        | Found a blossoming altar of Fedhas.
  4243 | D        | Noticed an anaconda
  4247 | D        | Killed an anaconda
  4247 | D        | Reached XP level 13. HP: 70/70 MP: 37/45
  4360 | D        | Offered knowledge of Fire Storm by Vehumet.
  4360 | D        | Offered knowledge of Shatter by Vehumet.
  4360 | D        | Offered knowledge of Absolute Zero by Vehumet.
  4455 | D        | Learned a level 9 spell: Shatter
  4465 | D        | Learned a level 9 spell: Fire Storm
  4509 | D        | Reached skill level 27 in Spellcasting
  4584 | D        | Noticed a nagaraja
  4587 | D        | Killed a nagaraja
  4664 | D        | Found Dopoph's Jewellery Shop.
  4664 | D        | Found Ratec's Antique Armour Shoppe.
  4668 | D        | Found Siew's Distillery.
  4702 | D        | Bought a +6 ring of intelligence for 760 gold pieces
  4707 | D        | Bought a pair of embroidered boots for 180 gold pieces
  4713 | D        | Bought a potion of curing for 39 gold pieces
  4713 | D        | Bought a potion of curing for 39 gold pieces
  4713 | D        | Bought a potion of curing for 39 gold pieces
  4713 | D        | Bought a potion of magic for 104 gold pieces
  4713 | D        | Bought a potion of haste for 130 gold pieces
  4728 | D        | Got a serpentine rune of Zot
  5032 | D        | Found Qotar's Gadget Shop.
  5032 | D        | Found Zibed's Distillery.
  5032 | D        | Found Qics's Book Emporium.
  5032 | D        | Found Kograngu's Armour Boutique.
  5032 | D        | Found Piarch's Jewellery Emporium.
  5032 | D        | Found Vuwus's Gadget Shop.
  5032 | D        | Found Pyrusuw's Antique Armour Boutique.
  5032 | D        | Found Gyuleta's Magic Scroll Shoppe.
  5032 | D        | Found Xeiset's Antique Armour Emporium.
  5032 | D        | Found Zahu's Book Shop.
  5032 | D        | Found Ufen Bemo's Antique Weapon Boutique.
  5065 | D        | Bought a book of Minor Magic for 200 gold pieces
  5069 | D        | Learned a level 3 spell: Mephitic Cloud
  5082 | D        | Bought an embroidered robe for 92 gold pieces
  5093 | D        | Bought a glowing robe for 92 gold pieces
  5098 | D        | Bought a pair of embroidered gloves for 187 gold pieces
  5105 | D        | Bought an uncursed amulet of reflection for 360 gold pieces
  5105 | D        | Bought the ring "Trusted Companion" {rPois MR+ Stlth-} for
                  | 291 gold pieces
  5147 | D        | Reached skill level 1 in Fire Magic
  5548 | D        | Noticed a fire dragon
  5555 | D        | Killed a fire dragon
  5727 | D        | Killed Donald
  5727 | D        | Killed Frances
  5727 | D        | Reached skill level 5 in Fire Magic
  6089 | D        | Noticed Azrael
  6133 | D        | Killed Azrael
  6133 | D        | Reached XP level 14. HP: 74/74 MP: 46/47
  6410 | D        | Noticed an azure jelly
  6410 | D        | Noticed an azure jelly
  6411 | D        | Noticed Gastronok
  6417 | D        | Killed Gastronok
  6421 | D        | Reached skill level 10 in Dodging
  6765 | D        | Killed a deep elf master archer
  6765 | D        | Reached skill level 27 in Earth Magic
  6887 | D        | Got a scorched bone ring
  6892 | D        | Identified the Guide on the Entourage and the Glacier
  6892 | D        | Identified Dispater's Compendium of the Escort
  7047 | D        | Acquired 608 gold pieces
  7051 | D        | Acquired 928 gold pieces
  7091 | D        | Identified the ring "Xanejy" {rF+ rN+} (You found it in the
                  | Dungeon)
  7127 | D        | Killed an azure jelly
  7131 | D        | Killed an azure jelly
  7132 | D        | Killed an azure jelly
  7132 | D        | Reached skill level 10 in Fire Magic
  7139 | D        | Killed an azure jelly
  7139 | D        | Reached skill level 5 in Conjurations
  7216 | D        | Noticed an acid blob
  7216 | D        | Noticed an acid blob
  7219 | D        | Noticed the Royal Jelly
  7219 | D        | Noticed an acid blob
  7223 | D        | Splashed by an acid blob's acid

Illustrated notes

Levels and vault maps discovered:
D:        dungeon_sprint_mu [sprint_mu_entry_cave, sprint_mu_temple_rooms,
          sprint_mu_d1_spiders, sprint_mu_d2_genie, sprint_mu_d3_branching,
          sprint_mu_orc_legion, sprint_mu_elf_gauntlet, sprint_mu_hive_nellie,
          sprint_mu_lair_fedhas, sprint_mu_vaults_butterflies,
          sprint_mu_slime_circle, sprint_mu_swamp_cave, sprint_mu_snake_twists,
          sprint_mu_blade_basic, sprint_mu_crypt_fortress,
          sprint_mu_tomb_spiral, sprint_mu_vestibule_basic,
          sprint_mu_gehenna_hellfire, sprint_mu_dis_giant,
          sprint_mu_tartarus_statrot, sprint_mu_cocytus_islands, sprint_mu_zot1]

Skill      XL: |  1  2  3  4  5  6  7  8  9 10 11 12 13 14 |
---------------+-------------------------------------------+-----
Earth Magic    | 5 6 8 10 12 13 14 16 18 21 22 26 27 | 27.0
Dodging        | 3 4 5 9 12 | 12.9
Stealth        | 3 4 5 10 13 | 13.0
Spellcasting   | 4 5 7 8 10 13 14 16 19 21 24 26 27 | 27.0
Transmutations | 2 3 4 |  4.3
Conjurations   | 1 3 5 |  5.0
Evocations     | 1 2 4 |  4.6
Fire Magic     | 6 10 | 10.8
Fighting       | |  0.3
Air Magic      | |  0.7
Poison Magic   | |  0.9

Action                   |  1- 3 |  4- 6 |  7- 9 | 10-12 | 13-15 || total
-------------------------+-------+-------+-------+-------+-------++-------
Melee: Unarmed           |     1 |       |       |       |       ||     1
       Quarterstaff      |       |       |       |     2 |       ||     2
 Cast: Sandblast         |    19 |     3 |     1 |     2 |       ||    25
       Passwall          |     1 |       |       |       |     2 ||     3
       Lee's Rapid Decon |       |     3 |    25 |    88 |    76 ||   192
       Stone Arrow       |       |     1 |    11 |     2 |       ||    14
       Petrify           |       |       |       |     4 |       ||     4
       Iron Shot         |       |       |       |     7 |     3 ||    10
       Bolt of Magma     |       |       |       |     2 |     1 ||     3
       Shatter           |       |       |       |       |    16 ||    16
       Mephitic Cloud    |       |       |       |       |     2 ||     2
       Lehudib's Crystal |       |       |       |       |     2 ||     2
 Abil: Evoke Flight      |       |       |       |       |     2 ||     2
Evoke: Wand              |       |       |     4 |     1 |     3 ||     8
  Use: Potion            |     1 |       |       |     4 |     3 ||     8
       Scroll            |       |       |       |     2 |     3 ||     5
Armor: Robe              |     1 |       |       |     2 |     1 ||     4
Dodge: Dodged            |     4 |     1 |     1 |    17 |     7 ||    30

Table legend: (Time is in decaauts)
 A = Elapsed time spent in this place.
 B = Non-inter-level travel time spent in this place.
 C = Inter-level travel time spent in this place.
 D = Time resting spent in this place.
 E = Time spent auto-exploring this place.
 F = Levels seen in this place.
 G = Mean time per level.
                   A        B        C        D        E       F      G
               +--------+--------+--------+--------+--------+-----+--------+
         Total |   7233 |   7233 |      0 |   4667 |     58 |   1 | 7233.0 |
       Dungeon |   7233 |   7233 |      0 |   4667 |     58 |   1 | 7233.0 |
               +--------+--------+--------+--------+--------+-----+--------+

Top non-repeatable levels by time:
       D: 7233 daAuts
